AoeStats
← willrhyd

Nomad

509442293Analyzed
4v4 RM · 6d ago on Sep 26, 2026· 40m 12s· 8 players
Game mode
Random Map
Map size
231×231
Population
200
Speed
Normal
Resources
Standard
Victory
Conquest
Starting age
Dark Age
Ending age
Imperial Age
RankedLock teamsTeams togetherTeam positionsShared explorationLock speedFull tech treeHidden civsTurbo modeCheats
Victory
Defeat
🇵🇹 Varangians · Portugal
1555
+14
🇩🇪 Danes · Germany
1523
+16
🇨🇿 Wu · Czechia
1512
+16
🇩🇪 Spanish · Germany
1485
+17
🇦🇷 Mongols · Argentina
1695
-23
🇺🇸 Spanish · United States
1474
-14
🇪🇨 Vietnamese · Ecuador
1445
-13
🇬🇧 Persians · United Kingdom
1438
-13
SbS | Havoc
8:26 Loom
13:16 Feudal Age
16:58 Castle Age
15:21 Double-Bit Axe
18:17 Wheelbarrow
17:54 Bow Saw
23:40 Arson
24:15 Squires
25:31 Scale Mail Armor
27:54 Horse Collar
30:09 Chain Mail Armor
Erg_Raider
4:58 Loom
13:27 Feudal Age
15:25 Double-Bit Axe
16:39 Fletching
24:29 Castle Age
23:40 Stone Mining
23:37 Fishing Lines
24:12 Gold Mining
25:39 Bow Saw
25:42 Medium Warships
28:51 Gillnets
28:43 Horse Collar
30:23 Wheelbarrow
32:47 Padded Archer Armor
34:20 Bodkin Arrow
34:39 Husbandry
34:50 Bloodlines
34:56 Leather Archer Armor
35:08 Ballistics
39:35 Imperial Age
37:21 Hand Cart
38:02 Scale Barding Armor
38:08 Forging
38:03 Light Cavalry
39:06 Chain Barding Armor
38:49 Heavy Plow
40:27 Town Watch
PetersCZ
11:59 Feudal Age
17:49 Castle Age
17:30 Loom
19:23 Fletching
19:34 Padded Archer Armor
20:44 Bodkin Arrow
20:56 Gold Mining
21:07 Double-Bit Axe
22:22 Medium Warships
23:52 Red Cliffs Tactics
27:01 Bow Saw
26:39 Horse Collar
29:52 Ballistics
32:14 Stone Mining
33:00 Gold Shaft Mining
Santoryu
4:14 Loom
17:16 Feudal Age
22:56 Double-Bit Axe
29:27 Castle Age
27:49 Horse Collar
31:53 Bow Saw
33:46 Wheelbarrow
33:58 Heavy Plow
37:17 Hand Cart
42:45 Imperial Age
Diheadwarlord
4:17 Loom
13:41 Feudal Age
18:20 Fletching
21:34 Double-Bit Axe
24:51 Castle Age
22:44 Horse Collar
23:24 Gold Mining
26:05 Town Watch
27:09 Padded Archer Armor
28:48 Leather Archer Armor
29:03 Bloodlines
31:42 Husbandry
35:06 Wheelbarrow
35:44 Sanctity
39:49 Hand Cart
Nos'
6:15 Loom
11:10 Feudal Age
27:06 Fishing Lines
28:07 Double-Bit Axe
33:05 Castle Age
31:29 Horse Collar
34:41 Town Watch
39:55 Wheelbarrow
KOF ELGRANKUSKING
3:08 Loom
14:07 Feudal Age
14:55 Double-Bit Axe
16:42 Wheelbarrow
20:09 Town Watch
21:37 Stone Mining
22:13 Gold Mining
24:30 Castle Age
22:23 Horse Collar
23:15 Fletching
23:26 Padded Archer Armor
23:15 Fishing Lines
25:37 Bodkin Arrow
25:55 Bow Saw
27:22 Leather Archer Armor
28:12 Ballistics
29:35 Thumb Ring
37:44 Stone Shaft Mining
40:40 Imperial Age
willrhyd
11:13 Loom
13:34 Feudal Age
14:52 Fishing Lines
17:15 Castle Age
15:24 Fishing Lines
15:32 Double-Bit Axe
18:04 Medium Warships
19:18 Bow Saw
20:44 Gillnets
20:41 Horse Collar
22:38 Heavy Plow
22:34 Stone Mining
23:21 Wheelbarrow
25:46 Scale Barding Armor
27:56 Bloodlines
29:40 Bloodlines
29:31 Husbandry
30:06 Forging
37:13 Imperial Age
35:33 Chain Barding Armor
37:26 Iron Casting
37:19 Cavalier
38:28 Scale Mail Armor
39:10 Plate Barding Armor
Connection lost

Rejoining the realm…

Still unreachable

The connection could not be restored.

Session expired

The server has moved on; the page needs a fresh start.